 Dungeon Crawl Stone Soup version 0.30.1-9-gdf580d7c3d (webtiles) character file.

Game seed: 4881429089476179897

27580 Peloso the Protected (level 13, -1/114 HPs)
             Began as a Minotaur Fighter on Oct 19, 2023.
             Was a High Priest of Okawaru.
             Hit by a large rock thrown by a cyclops (22 damage)
             ... on level 12 of the Dungeon.
             The game lasted 00:28:45 (12551 turns).

Peloso the Protected (Minotaur Fighter)            Turns: 12551, Time: 00:28:45

Health: -1/114     AC: 23    Str: 25    XL:     13   Next: 5%
Magic:  12/12      EV:  9    Int:  3    God:    Okawaru [*****.]
Gold:   1118       SH: 21    Dex: 26    Spells: 12/12 levels left

rFire   + . .        b - +1 long sword "Ranucem" {heavy, rPois Will+ Str+3 Int-2}
rCold   . . .        d - +0 tower shield
rNeg    + . .        D - +0 plate armour
rPois   +            h - +1 hat
rElec   +            z - +2 cloak {rCorr}
rCorr   +            I - +1 pair of gloves
SInv    +            (no boots)
Will    +....        (no amulet) Stlth
                     e - ring of the Firefly {rElec rF+ rN+ Dex+6 SInv}
HPRegen 0.39/turn    C - +6 ring of dexterity
MPRegen 0.13/turn

%: no passive effects
@: mighty
A: horns 2, retaliatory headbutt
a: Renounce Religion, Heroism, Finesse, Duel


You were on level 12 of the Dungeon.
You worshipped Okawaru.
Okawaru was extremely pleased with you.
You visited 1 branch of the dungeon, and saw 12 of its levels.
You also visited: Sewer.

You collected 1118 gold pieces.

Inventory:

Hand Weapons
 a - a +1 demon blade of electrocution
 b - the +1 long sword "Ranucem" (weapon) {heavy, rPois Will+ Str+3 Int-2}
   (You found it on level 10 of the Dungeon)

   Str:       It affects your strength (+3).
   Int:       It affects your intelligence (-2).
   rPois:     It protects you from poison.
   Will:      It increases your willpower.
 c - a +1 trident of flaming
Armour
 d - a +0 tower shield (worn)
 h - a +1 hat (worn)
 z - a +2 cloak of preservation (worn)
 D - a +0 plate armour (worn)
 I - a +1 pair of gloves (worn)
Jewellery
 e - the ring of the Firefly (left hand) {rElec rF+ rN+ Dex+6 SInv}
   (You acquired it on level 1 of the Dungeon)

   [ring of dexterity]

   Dex:       It affects your dexterity (+6).
   rF:        It protects you from fire.
   rElec:     It insulates you from electricity.
   rN:        It protects you from negative energy.
   SInv:      It lets you see invisible.
 x - a ring of see invisible
 C - a +6 ring of dexterity (right hand)
 R - a ring of resist corrosion
Wands
 j - a wand of roots (8)
 K - a wand of flame (17)
 N - a wand of digging (10)
 P - a wand of quicksilver (4)
 S - a wand of paralysis (2)
Scrolls
 k - 8 scrolls of fog
 m - 4 scrolls of poison
 n - 2 scrolls of blinking
 p - 2 scrolls of immolation
 q - 2 scrolls of fear
 r - 3 scrolls of teleportation
 w - a scroll of brand weapon
 y - 3 scrolls of silence
 B - 3 scrolls of magic mapping
 F - 2 scrolls of enchant armour
 G - 3 scrolls of enchant weapon
 H - 3 scrolls of identify
 M - 2 scrolls of torment {unknown}
 Q - a scroll of vulnerability {unknown}
Potions
 f - 4 potions of might
 g - 5 potions of mutation
 i - a potion of resistance
 l - 2 potions of invisibility
 o - 6 potions of curing
 s - 11 potions of degeneration
 t - 3 potions of cancellation
 u - 3 potions of heal wounds
 v - 2 potions of flight {unknown}
 A - 3 potions of lignification {unknown}
 E - a potion of berserk rage {unknown}
 J - a potion of haste
 O - 3 potions of brilliance {unknown}
Miscellaneous
 L - a lightning rod (4/4)


   Skills:
 + Level 10.7 Fighting
 + Level 8.0(11.0) Short Blades
 + Level 12.9(14.0) Long Blades
 + Level 13.5 Armour
 + Level 4.0 Dodging
 + Level 2.2 Stealth
 + Level 13.3 Shields
 + Level 1.7 Unarmed Combat
 + Level 0.8 Invocations


You had 12 spell levels left.
You didn't know any spells.
Your spell library contained the following spells:

 Spells                   Type           Power      Damage    Failure   Level
 Sandblast                Erth           0%         2d4       100%        1
 Shock                    Conj/Air       0%         1d3       100%        1
 Passwall                 Tmut/Erth      0%         N/A       100%        2
 Ignite Poison            Fire/Tmut/Pois 0%         N/A       100%        3
 Stone Arrow              Conj/Erth      0%         3d7       100%        3
 Swiftness                Air            0%         N/A       100%        3
 Vhi's Electric Charge    Tloc/Air       0%         N/A       100%        3
 Airstrike                Air            0%         2d(0-16)  100%        4
 Passage of Golubria      Tloc           0%         N/A       100%        4
 Sticky Flame             Conj/Fire      0%         2d3       100%        4
 Arcjolt                  Conj/Air       0%         1d10      100%        5
 Yara's Violent Unravell  Hex/Tmut       0%         3d3       100%        5
 Ignition                 Fire           0%         3d3       100%        8
 Maxwell's Capacitive Co  Air            0%         ∞         100%        8
 Tukima's Dance           Hex            Unusable   N/A       N/A         3

Dungeon Overview and Level Annotations

Branches:
Dungeon (12/15)            Temple (0/1) D:7            Lair (0/5) D:10
    Orc (0/2) D:10          Sewer (visited)

Altars:
Dithmenos
Elyvilon
Fedhas
Hepliaklqana
Makhleb
Okawaru
Trog
Vehumet
Xom
Yredelemnul
Zin
The Shining One

Shops:
D:3 (   D:4 ![[   D:8 *

Portals:
Trove: D:11 (give 14 potions of heal wounds)

Annotations:
D:12 1 runed translucent door, Jorgrun


Innate Abilities, Weirdness & Mutations

You have a pair of horns on your head.
You reflexively headbutt those who attack you in melee.


Message History

The centaur warrior shoots an arrow.
The arrow hits you.
You hear an angry buzzing noise.
You feel like a meek peon again.
The centaur warrior shoots an arrow.
The arrow hits you!
* * * LOW HITPOINT WARNING * * *
The centaur warrior shoots an arrow.
The arrow hits you but does no damage.
The cyclops hits you but does no damage.
The centaur warrior shoots an arrow.
The arrow hits you but does no damage.
The centaur warrior shoots an arrow.
The arrow hits you but does no damage. The cyclops hits you!
* * * LOW HITPOINT WARNING * * *
You hear a shout!
The centaur warrior shoots an arrow.
The arrow hits you.
* * * LOW HITPOINT WARNING * * *
The centaur warrior shoots an arrow.
The arrow hits you.
* * * LOW HITPOINT WARNING * * *
The centaur warrior shoots an arrow.
The arrow hits you but does no damage. The cyclops hits you!
* * * LOW HITPOINT WARNING * * *
You hear an angry buzzing noise.
You hear a deafening roar!
You hear an angry buzzing noise.
The centaur warrior shoots an arrow.
The arrow hits you but does no damage.
The cyclops hits you but does no damage.
The centaur warrior shoots an arrow.
The arrow hits you but does no damage.
You hear an angry buzzing noise.
The centaur warrior shoots an arrow.
The arrow hits you.
* * * LOW HITPOINT WARNING * * *
The centaur warrior shoots an arrow.
The arrow hits you but does no damage.
The cyclops hits you but does no damage.
You hear an angry buzzing noise.
You hear a shout!
The cyclops hits you but does no damage.
A deep elf pyromancer comes into view.
It is wielding a +0 eveningstar and wearing a +2 ring mail of willpower.
You turn to flesh and can move again.
Unknown command.
Unknown command.
The centaur warrior shoots an arrow.
You block the arrow.
Unknown command.
The cyclops throws a large rock.
The large rock hits you!!
You die...

#######†#########♣.♣###....##....
♣♣♣♣♣♣♣)♣♣♣♣♣♣♣#.....##..........
♣.............♣#.♣♣♣.##..........
♣.♣♣♣♣♣♣♣♣♣♣♣.♣#.♣ ♣.#...........
♣.♣ ♣.♣#.♣ ♣.#........... ♣.♣
♣.♣#)♣ ♣.#........... ♣.♣
♣.♣#)♣♣♣.#........... ♣)♣
♣.♣♣.....###......... ..♣
♣cC.@.♣..# ###....... ♣♣♣
♣.♣♣.....# ##...... ♣.♣#.♣♣♣.#
##...... ♣.♣#.♣ #####.......
♣.♣#.♣ #........... ♣e♣#.♣
#........... ..♣#.♣ #...........
♣♣♣#.. #........... #...........


You could see a centaur warrior and a cyclops.

Vanquished Creatures
  A deep elf annihilator (D:12)
  A fire dragon (D:12)
  7 two-headed ogres
  A boulder beetle (D:12)
  5 skeletal warriors
  Pikel (D:6)
  2 deep elf pyromancers
  An ugly thing (D:12)
  3 cyclopes
  3 manticores
  5 kobold demonologists (D:12)
  3 komodo dragons
  Psyche (D:8)
  A freezing wraith (D:9)
  6 trolls
  A vampire (D:10)
  A shadow (D:9)
  4 wyverns
  A culicivora (shapeshifter) (D:12)
  20 yaks
  2 wraiths (D:12)
  Eustachio (D:4)
  A human (shapeshifter) (D:12)
  A basilisk (D:12)
  5 vampire mosquitoes
  An acid dragon (D:9)
  4 water moccasins
  A swamp drake (D:10)
  Duvessa (D:5)
  3 orc warriors (D:10)
  2 ice beasts
  2 ogres
  4 black bears
  7 centaurs
  2 lemures (D:6)
  4 kobold brigands
  3 gnoll sergeants
  8 bullfrogs
  5 scorpions
  4 wights (D:8)
  Dowan (D:5)
  9 killer bees
  5 howler monkeys
  A crimson imp (D:8)
  2 hounds
  3 jellies
  5 orc priests
  Crazy Yiuf (D:4)
  Natasha (thrice) (D:2)
  4 iguanas
  14 orc wizards
  Robin (D:4)
  16 gnolls
  21 adders
  11 river rats
  A shadow imp (D:7)
  2 worms
  4 dart slugs
  38 orcs
  25 ball pythons
  2 endoplasms
  4 giant cockroaches
  16 goblins
  7 hobgoblins
  19 kobolds
  5 quokkas
  12 bats
  4 frilled lizards
  30 rats
395 creatures vanquished.

Vanquished Creatures (others)
  A centaur (D:12)
  An orc (D:10)
2 creatures vanquished.

Grand Total: 397 creatures vanquished

Notes
Turn   | Place    | Note
-------+----------+-------------------------------------------
     0 | D:1      | Peloso the Minotaur Fighter began the quest for the Orb.
     0 | D:1      | Reached XP level 1. HP: 19/19 MP: 0/0
    96 | D:1      | Reached XP level 2. HP: 24/27 MP: 1/1
   259 | D:1      | Reached XP level 3. HP: 32/33 MP: 2/2
   543 | D:1      | Identified a scroll of acquirement
   543 | D:1      | Acquired the ring of the Firefly {rElec rF+ rN+ Dex+6 SInv}
   731 | D:2      | Noticed Natasha
   736 | D:2      | Killed Natasha
   737 | D:2      | Reached XP level 4. HP: 41/41 MP: 3/3
   943 | D:2      | Noticed Natasha
   950 | D:2      | Killed Natasha
   951 | D:2      | Reached skill level 1 in Dodging
  1007 | D:2      | Noticed Natasha
  1012 | D:2      | Killed Natasha
  1013 | D:2      | Reached XP level 5. HP: 39/47 MP: 4/4
  1130 | D:2      | Found a shadowy altar of Dithmenos.
  2110 | D:3      | Found Cus Cemapo's Antique Weapon Shop.
  2315 | D:4      | Reached skill level 5 in Long Blades
  2318 | D:4      | Reached XP level 6. HP: 52/53 MP: 5/5
  2334 | D:4      | Identified the +9 short sword of Compound Interest {heavy,
                  | *Slow rN+++ Str+6 SInv}
  2408 | D:4      | Found a runed translucent door.
  2409 | D:4      | Noticed Crazy Yiuf
  2415 | D:4      | Killed Crazy Yiuf
  2416 | D:4      | Reached skill level 5 in Armour
  2537 | D:4      | Found a white marble altar of Elyvilon.
  2583 | D:4      | Noticed Robin
  2601 | D:4      | Killed Robin
  2839 | D:4      | Found Busaer's Distillery.
  2845 | D:4      | Reached skill level 5 in Fighting
  2845 | D:4      | Reached skill level 1 in Short Blades
  2881 | D:4      | Found Gyxzeoc's Armour Emporium.
  3104 | D:4      | Found Ataz's Armour Shop.
  3267 | D:4      | Reached XP level 7. HP: 56/61 MP: 6/6
  3321 | D:4      | Noticed Eustachio
  3330 | D:4      | Killed Eustachio
  3554 | D:5      | Entered Level 5 of the Dungeon
  3592 | D:5      | Reached skill level 5 in Shields
  3681 | D:5      | Found a bloodstained altar of Trog.
  3683 | D:5      | Noticed a two-headed ogre
  3696 | D:5      | Killed a two-headed ogre
  3697 | D:5      | Reached skill level 1 in Stealth
  3697 | D:5      | Reached XP level 8. HP: 38/70 MP: 7/7
  3802 | D:5      | Found a glowing silver altar of Zin.
  3806 | D:5      | Found a radiant altar of Vehumet.
  3809 | D:5      | Found a hazy altar of Hepliaklqana.
  3810 | D:5      | Found a glowing golden altar of the Shining One.
  3859 | D:5      | Found a basalt altar of Yredelemnul.
  3924 | D:5      | Noticed Dowan
  3925 | D:5      | Noticed Duvessa
  3943 | D:5      | Killed Duvessa
  3950 | D:5      | Killed Dowan
  4238 | D:5      | Found an iron altar of Okawaru.
  4242 | D:5      | Became a worshipper of Warmaster Okawaru
  4347 | D:6      | Reached skill level 5 in Short Blades
  4347 | D:6      | Reached XP level 9. HP: 75/78 MP: 8/8
  4466 | D:6      | Noticed Pikel
  4486 | D:6      | Killed Pikel
  4486 | D:6      | Reached * piety under Okawaru
  4606 | D:6      | Found a glowing drain.
  4616 | Sewer    | Entered a sewer
  4838 | Sewer    | Reached ** piety under Okawaru
  5264 | D:7      | Noticed a deep elf pyromancer
  5278 | D:6      | Killed a deep elf pyromancer
  5285 | D:6      | Reached *** piety under Okawaru
  5286 | D:6      | Reached XP level 10. HP: 61/86 MP: 9/9
  5569 | D:7      | Reached skill level 10 in Armour
  5592 | D:7      | Found a staircase to the Ecumenical Temple.
  5847 | D:8      | Found Edigge's Lightly-Used Armoury.
  6393 | D:8      | Found a shimmering altar of Xom.
  6393 | D:8      | Found a burning altar of Makhleb.
  6589 | D:8      | Noticed Psyche
  6608 | D:8      | Killed Psyche
  6608 | D:8      | Reached **** piety under Okawaru
  7412 | D:9      | Noticed a two-headed ogre
  7440 | D:9      | Killed a two-headed ogre
  7441 | D:9      | Reached skill level 1 in Unarmed Combat
  7990 | D:9      | Found a shadowy altar of Dithmenos.
  8108 | D:8      | Reached ***** piety under Okawaru
  8202 | D:8      | Reached XP level 11. HP: 95/95 MP: 10/10
  8660 | D:10     | Entered Level 10 of the Dungeon
  8662 | D:10     | Identified the +1 long sword "Ranucem" {heavy, rPois Will+
                  | Str+3 Int-2}
  8844 | D:10     | Found a blossoming altar of Fedhas.
  8852 | D:10     | Reached skill level 10 in Shields
  8883 | D:10     | Noticed a two-headed ogre
  8908 | D:10     | Killed a two-headed ogre
  8952 | D:10     | Received a gift from Okawaru
  9456 | D:10     | Found a staircase to the Orcish Mines.
  9599 | D:10     | Found a staircase to the Lair.
  9744 | D:11     | Noticed a skeletal warrior
  9747 | D:11     | Noticed a skeletal warrior
  9748 | D:11     | Noticed a skeletal warrior
  9761 | D:11     | Killed a skeletal warrior
  9773 | D:11     | Killed a skeletal warrior
  9774 | D:11     | Reached skill level 10 in Long Blades
  9777 | D:11     | Killed a skeletal warrior
  9846 | D:11     | Noticed a skeletal warrior
  9846 | D:11     | Noticed a two-headed ogre
  9847 | D:11     | Noticed a skeletal warrior
  9870 | D:10     | Killed a two-headed ogre
  9870 | D:10     | Identified the +7 rapier "Neant" {antimagic, rF+ rCorr
                  | Int+2} (Okawaru gifted it to you on level 10 of the
                  | Dungeon)
  9870 | D:10     | Received a gift from Okawaru
 10039 | D:10     | Killed a skeletal warrior
 10133 | D:11     | Killed a skeletal warrior
 10134 | D:11     | Reached XP level 12. HP: 105/105 MP: 9/11
 10449 | D:11     | Found a portal to a secret trove of treasure.
 11002 | D:11     | Found a shimmering altar of Xom.
 11200 | D:12     | Noticed a two-headed ogre
 11223 | D:11     | Killed a two-headed ogre
 11314 | D:12     | Received a gift from Okawaru
 11345 | D:12     | Noticed a boulder beetle
 11359 | D:12     | Killed a boulder beetle
 11680 | D:12     | Noticed a two-headed ogre
 11686 | D:12     | Killed a two-headed ogre
 11687 | D:12     | Reached skill level 10 in Fighting
 11712 | D:12     | Noticed a deep elf annihilator
 11720 | D:12     | Received a gift from Okawaru
 11736 | D:12     | Killed a deep elf annihilator
 11819 | D:12     | Noticed a fire dragon
 11831 | D:12     | Killed a fire dragon
 11833 | D:12     | Noticed a two-headed ogre
 11843 | D:12     | Killed a two-headed ogre
 12071 | D:12     | Found a runed translucent door.
 12072 | D:12     | Noticed a frost giant
 12150 | D:12     | Reached ****** piety under Okawaru
 12265 | D:12     | Reached XP level 13. HP: 114/114 MP: 12/12
 12278 | D:12     | Received a gift from Okawaru
 12518 | D:12     | Noticed Jorgrun
 12551 | D:12     | Hit by a large rock thrown by a cyclops

Illustrated notes

Levels and vault maps discovered:
D:1:      psy_arrival_conway, layout_basic, minmay_small_reverse_x
D:2:      layout_loops_corners, basic_altar, minmay_bisected, uniq_natasha
D:3:      layout_basic, serial_shops, nicolae_shop_tiny_waterfront
D:4:      layout_basic, elyvilon_altar_3, serial_shops, shop, shop, shop,
          kennysheep_generic_room_15, uniq_eustachio, uniq_robin,
          uniq_crazy_yiuf_cottage
D:5:      layout_rooms, mainiacjoe_overflow_alcove_4,
          nicolae_overflow_crystal_walls, minitemple, uniq_duvessa
D:6:      layout_rooms, lightli_sewer_entry_pipes, dreamdust_princess_corridor,
          uniq_pikel
D:7:      layout_rooms, minmay_temple_entry_statues_fountains
D:8:      layout_cave_pods, grunt_temple_overflow_champion_of_chaos,
          grunt_decor_mini_mirrors, minmay_shop_damaged, uniq_psyche
D:9:      layout_small_grid, grunt_dithmenos_shadows
D:10:     layout_rooms, mainiacjoe_overflow_chevrons, minmay_lair_entry_grove,
          erik_orc_1
D:11:     layout_basic, enter_trove_6, tgw_xom
D:12:     nzn_winding_woodlands_large [nzn_winding_woodlands_5x5_cross,
          nzn_winding_woodlands_5x15_concentric,
          nzn_winding_woodlands_5x5_closed_star,
          nzn_winding_woodlands_center_garden,
          nzn_winding_woodlands_15x15_boxy_spiral,
          nzn_winding_woodlands_center_pierced_h,
          nzn_winding_woodlands_5x5_open_star,
          nzn_winding_woodlands_5x15_crooked,
          nzn_winding_woodlands_5x5_checkerboard], layout_layer_cave,
          minivault_13, uniq_jorgrun

Skill      XL: |  1  2  3  4  5  6  7  8  9 10 11 12 |
---------------+-------------------------------------+-----
Shields        | 4 5 6 8 9 11 13 | 13.3
Armour         | 4 5 7 8 9 11 12 13 | 13.5
Long Blades    | 3 4 5 6 7 10 12 | 12.9
Fighting       | 4 5 6 7 8 9 10 | 10.7
Dodging        | 1 3 4 |  4.0
Short Blades   | 1 3 5 7 8 |  8.0
Stealth        | 1 2 |  2.2
Unarmed Combat | 1 |  1.7
Invocations    | |  0.8

Action                     |  1- 3 |  4- 6 |  7- 9 | 10-12 | 13-15 || total
---------------------------+-------+-------+-------+-------+-------++-------
  Melee: Long sword        |    79 |    68 |       |   305 |    44 ||   496
         Headbutt          |    11 |    22 |    41 |   141 |     9 ||   224
         Short sword       |       |    43 |   222 |   114 |       ||   379
         Falchion          |       |       |       |   116 |       ||   116
         Unarmed           |       |       |       |    15 |       ||    15
 Invoke: Heroism           |       |       |       |     7 |     1 ||     8
    Use: Potion            |     2 |       |     2 |     1 |     2 ||     7
         Scroll            |     2 |     5 |     4 |     8 |     1 ||    20
   Stab: Confused          |       |       |       |     1 |       ||     1
 Armour: Scale mail        |    69 |    54 |       |       |       ||   123
         Plate armour      |       |       |   157 |   309 |    68 ||   534
         Skin              |       |       |       |     3 |       ||     3
  Dodge: Dodged            |    59 |    55 |   114 |   224 |    34 ||   486
  Block: Buckler           |    30 |    33 |   106 |    58 |       ||   227
         Kite shield       |       |       |       |   191 |       ||   191
         Tower shield      |       |       |       |   222 |    96 ||   318
